 Dungeon Crawl Stone Soup version 0.29.1-12-g30fa7ad0bf (webtiles) character file.

Game seed: 2982715600610948735

4703 stebl the Fighter (level 10, -1/80 (85) HPs)
             Began as a Demonspawn Gladiator on Dec 29, 2022.
             Was a Priest of Wu Jian.
             Slain by a wight
             ... wielding a +4 long sword of freezing
              (11 damage)
             ... on level 8 of the Dungeon.
             The game lasted 00:33:20 (8070 turns).

stebl the Fighter (Demonspawn Gladiator)            Turns: 8070, Time: 00:33:21

HP:   -1/80 (85)    AC:  6    Str: 16    XL:     10   Next: 21%
MP:   10/10         EV: 15    Int:  9    God:    Wu Jian [***...]
Gold: 541           SH:  0    Dex: 18    Spells: 9/9 levels left

rFire   . . .      SeeInvis .   c - +3 halberd
rCold   . . .      Faith    .   (shield currently unavailable)
rNeg    . . .      Spirit   .   M - +2 robe "Ypluluem" {Slay+6}
rPois   .          Reflect  .   (helmet unavailable)
rElec   .          Harm     .   q - +0 cloak
rCorr   .          Rampage  .   B - +0 pair of gloves
Will    +....                   (no boots)
Stlth   ++........              g - amulet of regeneration
HPRegen 1.03/turn               s - ring of willpower
MPRegen 0.12/turn               (no ring)

@: about to teleport, drained
A: hooves 2, horns 3, demonic guardian 2, weakness stinger 1
a: Renounce Religion, Wall Jump, Serpent's Lash


You were on level 8 of the Dungeon.
You worshipped Wu Jian.
Wu Jian was most pleased with you.
You visited 2 branches of the dungeon, and saw 9 of its levels.
You also visited: Sewer.

You collected 541 gold pieces.


Innate Abilities, Weirdness & Mutations

You have hoof-like feet.
You have a pair of large horns on your head.
A demonic guardian rushes to your aid.
You have a small tail.


   Skills:
 + Level 10.2 Fighting
 + Level 9.6 Polearms
 - Level 1.7 Throwing
 + Level 5.5 Dodging


You had 9 spell levels left.
You didn't know any spells.
Your spell library contained the following spells:

 Spells                   Type           Power      Damage    Failure   Level
 Tukima's Dance           Hex            0%         N/A       77%         3
 Airstrike                Air            0%         2d(0-16)  99%         4
 Passage of Golubria      Tloc           0%         N/A       99%         4
 Summon Lightning Spire   Summ/Air       0%         N/A       99%         4
 Lightning Bolt           Conj/Air       0%         1d11      100%        5
 Yara's Violent Unravell  Hex/Tmut       0%         3d3       100%        5

Inventory:

Hand Weapons
 a - a +0 trident
 c - a +3 halberd (weapon)
Missiles
 d - 3 throwing nets {=f}
 e - 30 poisoned darts
 t - 4 atropa-tipped darts
 x - 3 javelins (quivered)
Armour
 b - a +1 leather armour
 q - a +0 cloak (worn)
 B - a +0 pair of gloves (worn)
 M - the +2 robe "Ypluluem" (worn) {Slay+6}
   (You found it on level 5 of the Dungeon)

   Slay:      It affects your accuracy & damage with ranged weapons and melee
   (+6).
Jewellery
 g - an amulet of regeneration (around neck)
 s - a ring of willpower (left hand)
Wands
 D - a wand of mindburst (5)
 K - a wand of acid (9)
 N - a wand of roots (8)
Scrolls
 h - 5 scrolls of poison
 i - a scroll of enchant weapon {unknown}
 m - 2 scrolls of butterflies {unknown}
 n - 5 scrolls of teleportation {@r4}
 o - a scroll of enchant armour
 v - 9 scrolls of identify {unknown}
 w - 2 scrolls of blinking
 y - 3 scrolls of summoning
 C - a scroll of immolation {unknown}
 E - 4 scrolls of amnesia {unknown}
 F - a scroll of magic mapping {unknown}
 G - 3 scrolls of noise {unknown}
Potions
 f - 2 potions of might {unknown}
 j - 8 potions of curing {unknown}
 k - a potion of mutation {unknown}
 l - 2 potions of resistance {unknown}
 p - 3 potions of heal wounds {unknown}
 u - a potion of degeneration {unknown}
 z - a potion of haste {unknown}
 A - 2 potions of brilliance {unknown}
 I - a potion of attraction {unknown}
 J - 2 potions of magic {unknown}
 L - a potion of flight {unknown}

Dungeon Overview and Level Annotations

Branches:
Dungeon (8/15)             Temple (1/1) D:4            Lair (0/5) D:8
  Sewer (visited)

Altars:
Gozag
Hepliaklqana
Makhleb
Nemelex Xobeh
Okawaru
Ru
Sif Muna
Trog
Vehumet
Wu Jian
Yredelemnul

....)...########
....)...............
....)..............
.......).<.....(((#
..................###.
......#...............
......##...####4z...
............##zz.#
..........####.z@#
.##...#.#.###.z..#
...#.##.#..#.....##
..#..[............#
###...............#
#...............##
##...............##
#...#.....#......#
######..#####...##


You could see 5 wights and a friendly ice devil (summoned).


Message History

You destroy the wight!
The Council accepts your kill.
The wight hits you from afar with a +1 spear!
You feel drained.
The wight hits you from afar with a +1 trident of freezing!
The wight freezes you. The wight hits you but does no damage.
The wight barely misses you. The wight completely misses you.
The wight hits you from afar with a +1 trident of freezing!
You feel drained. The wight freezes you!
* * * LOW HITPOINT WARNING * * *
The wight hits you from afar with a +1 spear!
* * * LOW HITPOINT WARNING * * *
As you read the scroll of teleportation {@r4}, it crumbles to dust.
You feel strangely unstable. The wight hits you but does no damage.
The wight hits you from afar with a +5 spear!
* * * LOW HITPOINT WARNING * * *
You feel drained.
* * * LOW HITPOINT WARNING * * *
The wight closely misses you. x2
You puncture the wight! You kick the wight, but do no damage.
You tail-slap the wight.
The wight is heavily damaged.
The wight completely misses you.
The wight hits you from afar with a +1 trident of freezing!
* * * LOW HITPOINT WARNING * * *
A demonic guardian appears!
The wight freezes you.
* * * LOW HITPOINT WARNING * * *
The wight completely misses you.
The wight hits you with a +4 long sword of freezing!
You die...

Skill      XL: |  1  2  3  4  5  6  7  8  9 |
---------------+----------------------------+-----
Polearms       | 3 4 5 6 8 9 |  9.6
Fighting       | 3 4 5 6 8 10 | 10.2
Dodging        | 5 |  5.5
Throwing       | |  1.7

Action                   |  1- 3 |  4- 6 |  7- 9 | 10-12 || total
-------------------------+-------+-------+-------+-------++-------
Melee: Trident           |    89 |   184 |    79 |       ||   352
       Kick              |    12 |    37 |    85 |     9 ||   143
       Headbutt          |     2 |    18 |    40 |     3 ||    63
       Punch             |       |     2 |     1 |       ||     3
       Tailslap          |       |     6 |    31 |     4 ||    41
       Halberd           |       |       |   181 |    27 ||   208
Throw: Stone             |     1 |    11 |    72 |     7 ||    91
       Javelin           |     1 |     1 |     1 |     5 ||     8
       Dart              |       |     6 |     2 |       ||     8
Invok: Lunge             |       |     2 |    37 |     8 ||    47
       Whirlwind         |       |       |    10 |     4 ||    14
 Abil: Wall Jump         |       |       |     1 |     1 ||     2
Evoke: Wand              |       |       |    10 |       ||    10
  Use: Scroll            |       |     5 |       |     1 ||     6
 Stab: Sleeping          |     4 |       |     3 |       ||     7
       Distracted        |       |       |     2 |       ||     2
Armor: Leather armour    |    19 |    17 |    36 |       ||    72
       Robe              |       |       |     6 |     6 ||    12
Dodge: Dodged            |    42 |    72 |   120 |    13 ||   247

Levels and vault maps discovered:
D:1:      dpeg_arrival_arbitrary_b, layout_loops_corners, serial_bayou_pond_d,
          chequers_avenue
D:2:      layout_basic, hellmonk_ecumenical_altar_defaced_shrine
D:3:      layout_basic, tso_oasis_becter, portal_sewer_entry_b,
          due_unseen_surprise
D:4:      layout_rooms, hangedman_ru_absence, minmay_temple_entry_stoned_glass
D:5:      kb_forest_paths, layout_layer_cave,
          gammafunk_temple_overflow_forgotten, minmay_misc_feat_five
D:6:      layout_basic
D:7:      layout_cave_pools
D:8:      layout_cave_pools, general_overflow_altar,
          nicolae_elyvilon_temple_path, nicolae_hepliaklqana_monster_ancestors,
          lair_entry_dummy, onia_ninara_dug_in_and_dangerous
Temple:   jpeg_temple_alley_garden

Notes
Turn   | Place    | Note
-------+----------+-------------------------------------------
     0 | D:1      | stebl the Demonspawn Gladiator began the quest for the Orb.
     0 | D:1      | Reached XP level 1. HP: 16/16 MP: 1/1
   410 | D:1      | Reached skill level 3 in Polearms
   451 | D:1      | You feel monstrous as your demonic heritage exerts itself.
   451 | D:1      | Discovered your monstrous ancestry.
   451 | D:1      | Gained mutation: You have large cloven feet. [demonic
                  | ancestry]
   451 | D:1      | Reached XP level 2. HP: 23/23 MP: 2/2
  1411 | D:2      | Gained mutation: You have a pair of small horns on your
                  | head. [demonic ancestry]
  1411 | D:2      | Reached XP level 3. HP: 16/28 MP: 3/3
  1564 | D:2      | Reached skill level 3 in Fighting
  1816 | D:2      | Found a faded altar of an unknown god.
  2251 | D:3      | Gained mutation: You have a pair of horns on your head.
                  | [demonic ancestry]
  2251 | D:3      | Reached XP level 4. HP: 17/35 MP: 4/4
  2459 | D:3      | Found a glowing drain.
  2467 | D:3      | Reached skill level 4 in Polearms
  2479 | Sewer    | Entered a sewer
  2566 | Sewer    | Gained mutation: A weak demonic guardian rushes to your
                  | aid. [demonic ancestry]
  2566 | Sewer    | Reached XP level 5. HP: 42/42 MP: 5/5
  2583 | Sewer    | Reached skill level 4 in Fighting
  2967 | Sewer    | Gained mutation: You have a small tail. [demonic ancestry]
  2967 | Sewer    | Reached XP level 6. HP: 46/49 MP: 6/6
  3706 | D:4      | Reached skill level 5 in Fighting
  3706 | D:4      | Reached skill level 5 in Polearms
  3965 | D:4      | Found a staircase to the Ecumenical Temple.
  3974 | Temple   | Entered the Ecumenical Temple
  4016 | Temple   | Became a worshipper of the Wu Jian Council
  4095 | D:4      | Gained mutation: You have hoof-like feet. [demonic
                  | ancestry]
  4095 | D:4      | Reached XP level 7. HP: 45/56 MP: 7/7
  4283 | D:4      | Found a sacrificial altar of Ru.
  4303 | D:4      | Reached skill level 6 in Fighting
  4303 | D:4      | Reached skill level 6 in Polearms
  4575 | D:5      | Entered Level 5 of the Dungeon
  4964 | D:5      | Found a sparkling altar of Nemelex Xobeh.
  4964 | D:5      | Found a radiant altar of Vehumet.
  4964 | D:5      | Found a shimmering blue altar of Sif Muna.
  5155 | D:5      | Gained mutation: You have a pair of large horns on your
                  | head. [demonic ancestry]
  5155 | D:5      | Reached XP level 8. HP: 52/64 MP: 8/8
  5157 | D:5      | Reached * piety under Wu Jian
  5199 | D:5      | Reached skill level 7 in Fighting
  5608 | D:5      | Reached skill level 7 in Polearms
  5665 | D:5      | Identified the +2 robe "Ypluluem" {Slay+6}
  5994 | D:6      | Reached skill level 8 in Fighting
  6174 | D:6      | Reached skill level 8 in Polearms
  6561 | D:6      | Reached XP level 9. HP: 75/75 MP: 9/9
  6955 | D:7      | Reached ** piety under Wu Jian
  6956 | D:7      | Reached skill level 3 in Dodging
  6990 | D:7      | Reached skill level 9 in Fighting
  7157 | D:7      | Reached skill level 4 in Dodging
  7189 | D:7      | Reached skill level 9 in Polearms
  7777 | D:8      | Noticed a two-headed ogre
  7781 | D:8      | Killed a two-headed ogre
  7781 | D:8      | Reached *** piety under Wu Jian
  7782 | D:8      | Reached skill level 10 in Fighting
  7782 | D:8      | Reached skill level 5 in Dodging
  7782 | D:8      | Gained mutation: A demonic guardian rushes to your aid.
                  | [demonic ancestry]
  7782 | D:8      | Reached XP level 10. HP: 85/85 MP: 10/10
  7880 | D:8      | Found a staircase to the Lair.
  7941 | D:8      | Found a basalt altar of Yredelemnul.
  8014 | D:8      | Found a hazy altar of Hepliaklqana.
  8070 | D:8      | Slain by a wight

Vanquished Creatures
  A two-headed ogre (D:8)
  A shadow (D:6)
  An ice beast (D:7)
  A sky beast (D:8)
  An orc warrior (D:7)
  2 ogres
  2 centaurs
  A phantom (D:6)
  2 kobold brigands
  4 bullfrogs
  5 necrophages
  2 scorpions
  15 wights
  10 killer bees
  2 howler monkeys
  An electric eel (D:8)
  6 orc priests
  2 gnoll boudas
  5 hounds
  A jelly (D:5)
  4 iguanas
  4 orc wizards
  19 gnolls
  11 adders
  2 river rats (Sewer)
  2 shadow imps
  4 white imps
  3 ufetubi
  2 worms
  4 dart slugs
  32 orcs
  7 endoplasms
  4 giant cockroaches
  5 goblins
  6 hobgoblins
  4 jackals (Sewer)
  3 quokkas
  7 ball pythons
  5 bats
  6 frilled lizards
  15 kobolds
  6 rats
  A spectral orc (D:8)
221 creatures vanquished.

Vanquished Creatures (collateral kills)
  An adder (D:4)
  3 orcs (D:3)
  A quokka (D:3)
5 creatures vanquished.

Vanquished Creatures (others)
  14 plants
14 creatures vanquished.

Grand Total: 240 creatures vanquished

Table legend: (Time is in decaauts)
 A = Elapsed time spent in this place.
 B = Non-inter-level travel time spent in this place.
 C = Inter-level travel time spent in this place.
 D = Time resting spent in this place.
 E = Time spent auto-exploring this place.
 F = Levels seen in this place.
 G = Mean time per level.
                   A        B        C        D        E       F      G
               +--------+--------+--------+--------+--------+-----+--------+
         Total |   8259 |   7626 |    633 |    844 |   4817 |  10 |  825.9 |
       Dungeon |   7275 |   6670 |    605 |    703 |   4296 |   8 |  909.4 |
        Temple |     71 |     43 |     28 |      0 |     31 |   1 |   71.0 |
         Sewer |    912 |    912 |      0 |    141 |    490 |   1 |  912.0 |
               +--------+--------+--------+--------+--------+-----+--------+

Top non-repeatable levels by time:
     D:5: 1273 daAuts
     D:1: 1205 daAuts
     D:6: 1029 daAuts
     D:3: 956 daAuts
   Sewer: 912 daAuts
     D:2: 891 daAuts
     D:4: 705 daAuts
     D:8: 626 daAuts
     D:7: 586 daAuts
  Temple: 71 daAuts

Table legend:
 A = Non-vault XP
 B = Vault XP
 C = Vault XP percentage of total XP
 D = Non-vault monster count
 E = Vault monster count
 F = Vault count percentage of total count
                 A         B        C        D         E       F
            +---------+---------+-------+---------+---------+-------
      Total |    6242 |     477 |   7.1 |     187 |      39 |  17.3
            +---------+---------+-------+---------+---------+-------
        D:1 |      22 |       0 |   0.0 |      12 |       0 |   0.0
        D:2 |      37 |       9 |  19.6 |      16 |       3 |  15.8
        D:3 |     191 |       6 |   3.0 |      29 |       4 |  12.1
        D:4 |     573 |       0 |   0.0 |      25 |       0 |   0.0
        D:5 |     561 |     230 |  29.1 |      23 |       6 |  20.7
        D:6 |    1107 |       0 |   0.0 |      19 |       0 |   0.0
        D:7 |    1813 |       0 |   0.0 |      36 |       0 |   0.0
        D:8 |    1938 |       4 |   0.2 |      27 |       2 |   6.9
      Sewer |       0 |     228 | 100.0 |       0 |      24 | 100.0
            +---------+---------+-------+---------+---------+-------
